Map: [ESL] Hecate

Players

ArT

  • Race: Protoss Protoss
  • Spawn Location: 7:00

ShoWTimE - Winner!

  • Race: Protoss Protoss
  • Spawn Location: 1:00

Event: ESL SC2 Masters 2023 Winter (Regional)

VOD

Have the link to the VOD?

Description

Time

  • Played on: Oct. 27, 2023, 10:48 a.m.
  • Length: 9:07

All games in this series

Show
View Real Time Build Order
Export as new Build Order

ArT Protoss 

Build Orders: Dark Templar Rush 

Get SALT Encoding   

  12  0:00  Probe  
  13  0:12  Probe  
  14  0:18  Pylon  
  14  0:24  Probe (Chrono Boost)  
  15  0:36  Probe (Chrono Boost)  
  15  0:37  Gateway  
  16  0:45  Assimilator, Probe (Chrono Boost)  
  17  0:51  Probe  
  17  0:54  Assimilator  
  18  1:03  Probe (Chrono Boost)  
  19  1:07  Gateway  
  19  1:12  Probe (Chrono Boost)  
  19  1:17  Probe (Chrono Boost)  
  20  1:24  Cybernetics Core  
  21  1:29  Probe  
  22  1:34  Pylon  
  22  1:41  Probe  
  22  1:46  Pylon  
  24  2:00  Adept x2, Warp Gate (Chrono Boost)  
  28  2:14  Twilight Council  
  27  2:21  Probe  
  28  2:31  Adept x2  
  32  2:50  Dark Shrine  
  32  3:02  Shield Battery  
  32  3:09  Stalker x2  
  36  3:23  Pylon  
  36  3:30  Shield Battery  
  36  3:40  Nexus, Probe  
  37  3:52  Probe  
  38  3:56  Shield Battery  
  37  4:04  Dark Templar x2  
  37  4:08  Probe  
  42  4:16  Pylon  
  42  4:19  Blink (Chrono Boost)  
  42  4:25  Probe  
  43  4:38  Stalker  
  39  4:40  Probe  
  40  4:52  Probe (Chrono Boost), Stalker  
  42  5:02  Probe (Chrono Boost)  
  42  5:04  Probe (Chrono Boost)  
  39  5:10  Probe  
  39  5:11  Stalker  
  42  5:17  Probe (Chrono Boost)  
  40  5:24  Probe (Chrono Boost)  
  40  5:28  Stalker  
  43  5:32  Probe (Chrono Boost)  
  43  5:35  Probe (Chrono Boost)  
  43  5:38  Probe (Chrono Boost)  
  43  5:39  Probe (Chrono Boost)  
  45  5:43  Sentry  
  45  5:47  Pylon  
  45  5:49  Probe  
  45  6:02  Stalker  
  45  6:03  Probe  
  47  6:06  Probe  
  43  6:19  Probe (Chrono Boost)  
  43  6:24  Probe (Chrono Boost)  
  45  6:29  Probe (Chrono Boost)  
  45  6:31  Stalker x2  
  51  6:32  Probe (Chrono Boost)  
  51  6:39  Probe (Chrono Boost)  
  52  6:43  Probe (Chrono Boost)  
  52  6:45  Gateway  
  53  6:50  Probe x2 (Chrono Boost)  
  55  6:59  Probe  
  55  7:00  Stalker x2  
  60  7:02  Probe  
  60  7:08  Charge (Chrono Boost)  
  59  7:11  Probe  
  60  7:20  Probe  
  61  7:23  Assimilator  
  61  7:27  Robotics Facility  
  61  7:28  Gateway  
  61  7:30  Shield Battery  
  61  7:32  Pylon  
  61  7:34  Probe x2  
  63  7:42  Gateway  
  63  7:45  Sentry  
  65  7:59  Nexus  
  65  8:01  Pylon  
  65  8:04  Probe  
  65  8:05  Probe  
  67  8:11  Zealot x3  
  73  8:15  Observer (Chrono Boost)  
  73  8:18  Gateway  
  74  8:21  Probe x2  
  74  8:25  Zealot  
  78  8:27  Shield Battery  
  77  8:34  Probe  
  77  8:35  Pylon  
  77  8:38  Stalker  
  77  8:40  Dark Templar  
  82  8:47  Zealot x2  
  76  8:56  Stalker  
Show
View Real Time Build Order
Export as new Build Order

ShoWTimE Protoss - Winner!

Build Orders: Oracle Opening 

Get SALT Encoding   

  12  0:00  Probe  
  13  0:12  Probe  
  14  0:17  Pylon  
  14  0:24  Probe (Chrono Boost)  
  15  0:35  Gateway  
  15  0:36  Probe (Chrono Boost)  
  16  0:44  Probe (Chrono Boost)  
  16  0:45  Assimilator  
  17  0:50  Probe  
  18  1:03  Probe (Chrono Boost)  
  19  1:04  Assimilator  
  19  1:10  Gateway  
  19  1:13  Probe (Chrono Boost)  
  19  1:18  Probe (Chrono Boost)  
  20  1:23  Cybernetics Core  
  21  1:29  Probe  
  22  1:34  Pylon  
  22  1:41  Probe  
  23  1:53  Probe  
  24  1:59  Warp Gate, Adept x2  
  28  2:05  Probe  
  29  2:14  Pylon  
  29  2:20  Stargate  
  29  2:29  Stalker  
  31  2:32  Stalker  
  31  2:35  Probe  
  34  2:43  Pylon  
  34  2:47  Probe  
  35  3:03  Oracle (Chrono Boost)  
  35  3:05  Shield Battery  
  35  3:08  Probe  
  39  3:20  Adept, Pylon  
  39  3:21  Probe  
  39  3:24  Shield Battery  
  42  3:30  Oracle (Chrono Boost)  
  45  3:38  Shield Battery  
  45  3:40  Pylon  
  45  3:46  Shield Battery  
  45  3:49  Stalker  
  47  4:01  Robotics Facility, Probe  
  47  4:04  Shield Battery  
  47  4:10  Stalker  
  47  4:13  Probe  
  50  4:28  Shield Battery  
  50  4:39  Stalker x2  
  54  4:48  Nexus  
  54  4:49  Observer  
  54  4:52  Probe  
  56  4:58  Pylon  
  56  5:04  Probe  
  56  5:06  Stalker  
  59  5:11  Observer  
  60  5:16  Probe  
  61  5:23  Shield Battery, Pylon  
  61  5:28  Probe  
  62  5:40  Probe  
  62  5:42  Twilight Council  
  63  5:46  Immortal (Chrono Boost)  
  67  5:53  Probe  
  68  6:00  Probe  
  67  6:05  Probe  
  68  6:12  Probe  
  68  6:15  Immortal (Chrono Boost)  
  68  6:17  Probe  
  70  6:21  Blink (Chrono Boost)  
  70  6:22  Assimilator  
  70  6:24  Probe  
  71  6:29  Probe  
  72  6:35  Pylon  
  72  6:36  Probe  
  72  6:39  Gateway  
  73  6:41  Gateway  
  73  6:42  Probe  
  74  6:48  Probe  
  74  6:50  Stalker x2  
  79  6:58  Probe  
  79  6:59  Pylon  
  79  7:00  Probe  
  78  7:11  Pylon  
  78  7:14  Observer  
  78  7:15  Stalker x2  
  83  7:22  Probe  
  84  7:29  Pylon  
  84  7:32  Nexus  
  84  7:36  Probe  
  84  7:37  Probe  
  86  7:45  Forge  
  86  7:47  Stalker  
  86  7:48  Stalker x2  
  86  7:50  Probe  
  93  7:58  Stalker  
  93  8:02  Warp Prism (Chrono Boost)  
  97  8:12  Shield Battery  
  97  8:20  Stalker  
  97  8:22  Probe  
  100  8:27  Stalker  
  102  8:40  Gateway  
  101  8:41  Gateway  
  99  8:55  Stalker x3  
  99  9:01  Stalker  
Tags
 
Add a new tag
Caveats
  • Supply blocks, unpowered buildings, or Contaminate may cause inaccurate times.
  • Supply counts are checked every 10 seconds.